 Dungeon Crawl Stone Soup version 0.27-a0-1358-ga0a28fc8c3 (webtiles) character file.

Game seed: 3644934757312781589

615 Delamore the Covert (level 7, -5/49 HPs)
             Began as an Octopode Brigand on June 28, 2021.
             Splashed by a jelly's acid (8 damage)
             ... on level 4 of the Dungeon.
             The game lasted 00:03:01 (3786 turns).

Delamore the Covert (Octopode Brigand)              Turns: 3786, Time: 00:03:02

Health: -5/49      AC: -19   Str: 10    XL:     7   Next: 45%
Magic:  7/7        EV: 13    Int: 13    God:
Gold:   92         SH:  0    Dex: 16    Spells: 6/6 levels left

rFire    . . .     SeeInvis .   n - +2 rapier (venom)
rCold    . . .     Faith    .   (no shield)
rNeg     . . .     Spirit   .   (helmet restricted)
rPois    .         Reflect  .   (no amulet)
rElec    .         Harm     .   (no ring)
rCorr    .         Rampage  .   (no ring)
Will     .....                  (no ring)
Stlth    +++++.....             (no ring)
HPRegen  0.16/turn              (no ring)
MPRegen  0.10/turn              (no ring)
                                (no ring)
                                (no ring)

@: corroded
A: almost no armour, amphibious, 8 rings, camouflage 1, gelatinous body 1,
(nimble swimmer 1), tentacles
a: no special abilities


You were on level 4 of the Dungeon.
You visited 1 branch of the dungeon, and saw 4 of its levels.

You collected 92 gold pieces.

Inventory:

Hand Weapons
 a - a +2 dagger
 i - a +0 dagger of draining
 n - a +2 rapier of venom (weapon)
Missiles
 b - 8 poisoned darts
 c - a curare-tipped dart (quivered)
 f - 8 javelins
 m - a throwing net
Jewellery
 e - a ring of ice
 j - a ring of positive energy
Wands
 q - a wand of digging (6)
Scrolls
 g - a scroll of fog
Potions
 d - a potion of curing {unknown}
 h - a potion of heal wounds {unknown}
 k - a potion of attraction {unknown}
 l - a potion of ambrosia {unknown}
 o - 2 potions of degeneration {unknown}
 p - a potion of mutation {unknown}


   Skills:
 + Level 4.9 Fighting
 + Level 4.8 Short Blades
 - Level 2.0 Throwing
 - Level 1.0 Dodging
 + Level 8.3 Stealth


You had 6 spell levels left.
You didn't know any spells.
Your spell library contained the following spells:

 Spells                   Type           Power      Damage    Failure   Level
 Magic Dart               Conj           0%         1d3       30%         1
 Blink                    Tloc           N/A        N/A       43%         2
 Call Imp                 Summ           0%         N/A       43%         2
 Slow                     Hex            0%         N/A       43%         2
 Conjure Flame            Conj/Fire      0%         6-21      67%         3
 Mephitic Cloud           Conj/Pois/Air  0%         N/A       67%         3


Dungeon Overview and Level Annotations

Branches:
Dungeon (4/15)
 Temple: D:4-7

Altars:
Wu Jian


Innate Abilities, Weirdness & Mutations

You cannot wear most types of armour.
You are amphibious.
You can wear up to eight rings at the same time.
Your skin changes colour to match your surroundings (Stealth+).
Your rubbery body absorbs attacks. (AC +1, EV +1)
((You are camouflaged near water. (Stealth+)))
You have tentacles for arms and can constrict up to eight enemies at once.


Message History

You hit the jelly but do no damage.
Your tentacles burn!
The jelly is severely wounded.
The goblin barely misses you. The jelly closely misses you.
You are too injured to fight recklessly!
You are too injured to fight recklessly!
You are too injured to fight recklessly!
You are too injured to fight recklessly!
You are too injured to fight recklessly!
You are too injured to fight recklessly!
You are too injured to fight recklessly!
You are too injured to fight recklessly!
You are too injured to fight recklessly!
You are too injured to fight recklessly!
You are too injured to fight recklessly!
You are too injured to fight recklessly!
You are too injured to fight recklessly!
You are too injured to fight recklessly!
You completely miss the goblin. You grab the goblin. You constrict the goblin.
The goblin misses you.
You release your grip on the goblin.
The jelly barely misses you.
You hit the jelly.
Your tentacles burn!
The jelly is almost dead.
The jelly hits you. The acid corrodes you!
You are splashed with acid!
* * * LOW HITPOINT WARNING * * *
You hit the jelly but do no damage. The acid corrodes you!
Your tentacles burn!
* * * LOW HITPOINT WARNING * * *
The jelly is almost dead.
The jelly closely misses you.
You hit the jelly but do no damage. The acid corrodes you!
Your tentacles burn!
* * * LOW HITPOINT WARNING * * *
You squeeze the jelly.
The jelly is almost dead.
You hit the jelly but do no damage.
Your tentacles burn!
* * * LOW HITPOINT WARNING * * *
The jelly is almost dead.
The jelly misses you. The jelly hits you.
* * * LOW HITPOINT WARNING * * *
The acid corrodes you!
You are splashed with acid!
You die...

.......... #.......#
#.....(.# #.......#
#....†..# #.......##
#........# #
#!.....#.######.#####
######....g.J@.......
#### #.##.#####......
#... #.##..# ####.
#.## #.###.# #.#. #.#
#.# #.#. #. #.# #.#.
##.###.## #.#.
#......†# #.##
#.......## #...


You could see a jelly and a goblin.

Vanquished Creatures
  Sigmund (D:3)
  An ogre (D:3)
  A bullfrog (D:3)
  A jelly (D:4)
  Jessica (D:3)
  Terence (D:2)
  An iguana (D:3)
  2 orc wizards (D:3)
  4 gnolls
  A howler monkey skeleton (D:4)
  2 adders
  3 worms
  A dart slug (D:2)
  7 orcs (D:3)
  3 ball pythons
  6 bats
  6 endoplasms
  5 giant cockroaches
  8 goblins
  8 hobgoblins
  2 jackals (D:2)
  3 kobolds
  3 quokkas
  3 frilled lizards
  8 rats (D:1)
82 creatures vanquished.

Vanquished Creatures (others)
  3 plants (D:1)
3 creatures vanquished.

Grand Total: 85 creatures vanquished

Notes
Turn   | Place    | Note
-------+----------+-------------------------------------------
     0 | D:1      | Delamore the Octopode Brigand began the quest for the Orb.
     0 | D:1      | Reached XP level 1. HP: 14/14 MP: 1/1
   259 | D:1      | Reached XP level 2. HP: 3/19 MP: 2/2
  1124 | D:1      | Reached XP level 3. HP: 25/25 MP: 3/3
  1445 | D:2      | Noticed Terence
  1449 | D:2      | Reached skill level 6 in Stealth
  1464 | D:2      | Killed Terence
  1465 | D:2      | Reached XP level 4. HP: 15/31 MP: 4/4
  1846 | D:2      | Found a faded altar of an unknown god.
  2144 | D:3      | Noticed Sigmund
  2146 | D:3      | Killed Sigmund
  2147 | D:3      | Reached skill level 7 in Stealth
  2147 | D:3      | Reached XP level 5. HP: 36/37 MP: 5/5
  2147 | D:3      | Reached XP level 6. HP: 42/43 MP: 6/6
  2678 | D:3      | Found an ornate altar of the Wu Jian Council.
  2738 | D:3      | Reached XP level 7. HP: 36/49 MP: 7/7
  2831 | D:3      | Identified a scroll of acquirement
  2831 | D:3      | Acquired a +2 rapier of venom
  2878 | D:3      | Noticed Jessica
  2885 | D:3      | Killed Jessica
  2890 | D:3      | Reached skill level 8 in Stealth
  3786 | D:4      | Splashed by a jelly's acid

Illustrated notes

Levels and vault maps discovered:
D:1:      dpeg_arrival_ratfight, layout_basic, serial_bayou_pond_b
D:2:      layout_rooms, shapermc_ecumenical_altar_mp_ritualfount, uniq_terence
D:3:      minmay_door_path, layout_loops_ring,
          nicolae_wu_jian_immortal_techniques, minmay_door_square,
          chequers_decorated_corner, uniq_sigmund, uniq_jessica
D:4:      layout_basic, serial_shops, shop, kennysheep_generic_room_8

Skill      XL: |  1  2  3  4  5  6  7 |
---------------+----------------------+-----
Stealth        | 6 7 8 |  8.3
Fighting       | 3 4 |  4.9
Short Blades   | 3 4 |  4.8
Throwing       | |  2.0
Dodging        | |  1.0

Action                   |  1- 3 |  4- 6 |  7- 9 || total
-------------------------+-------+-------+-------++-------
Melee: Dagger            |    56 |    88 |     1 ||   145
       Constrict         |    11 |    20 |     8 ||    39
       Tentacles         |     5 |    14 |    10 ||    29
       Rapier            |       |       |    40 ||    40
Throw: Dart              |     9 |     2 |       ||    11
  Use: Scroll            |     1 |     3 |     1 ||     5
 Stab: Sleeping          |    10 |     4 |     7 ||    21
Armor: Skin              |     1 |     6 |     1 ||     8
Dodge: Dodged            |    25 |    44 |    17 ||    86

Table legend: (Time is in decaauts)
 A = Elapsed time spent in this place.
 B = Non-inter-level travel time spent in this place.
 C = Inter-level travel time spent in this place.
 D = Time resting spent in this place.
 E = Time spent auto-exploring this place.
 F = Levels seen in this place.
 G = Mean time per level.
                   A        B        C        D        E       F      G
               +--------+--------+--------+--------+--------+-----+--------+
         Total |   3759 |   3682 |     77 |    280 |   2894 |   4 |  939.8 |
       Dungeon |   3759 |   3682 |     77 |    280 |   2894 |   4 |  939.8 |
               +--------+--------+--------+--------+--------+-----+--------+

Top non-repeatable levels by time:
     D:3: 1469 daAuts
     D:1: 1424 daAuts
     D:2: 705 daAuts
     D:4: 159 daAuts
